 Dungeon Crawl Stone Soup version 0.21-a0-401-g0b6bec4 (webtiles) character file.

14489 tilp the Severer (level 12, -2/110 HPs)
             Began as a Hill Orc Fighter on Oct 23, 2017.
             Was a Believer of Uskayaw.
             Slain by an orc warrior
             ... wielding a +0 glaive
             ... led by an orc warlord
              (16 damage)
             ... on level 12 of the Dungeon.
             The game lasted 00:40:49 (14259 turns).

tilp the Severer (Hill Orc Fighter)                Turns: 14259, Time: 00:40:50

Health: -2/110     AC: 23    Str: 32    XL:     12   Next: 17%
Magic:  15/18      EV:  8    Int: 12    God:    Uskayaw [**....]
Gold:   675        SH:  0    Dex: 12    Spells: 11/11 levels left

rFire    + . .     SeeInvis .   C - +5 war axe "Zeujyesm" {drain, *Contam +Fly rPois Str+3 Int+4}
rCold    + . .     Gourm    .   (no shield)
rNeg     . . .     Faith    .   U - +0 gold dragon scales
rPois    +         Spirit   .   k - +1 helmet
rElec    .         Reflect  .   S - scarf {repulsion}
rCorr    .         Harm     .   (no gloves)
MR       +....                  W - +1 pair of boots {Fly}
Stlth    ..........             o - amulet of rage
HPRegen  0.28/turn              n - ring of protection from magic
MPRegen  0.16/turn              E - +4 ring of protection

@: mighty, flying, repel missiles
A: agile 1
a: Stomp, Line Pass, Renounce Religion, Evoke Berserk Rage, Stop Flying


You were on level 12 of the Dungeon.
You worshipped Uskayaw.
Uskayaw was aware of your devotion.
You were not hungry.

You visited 3 branches of the dungeon, and saw 14 of its levels.
You also visited: Labyrinth and Sewer.

You collected 759 gold pieces.
You spent 84 gold pieces at shops.

Inventory:

Hand Weapons
 C - the +5 war axe "Zeujyesm" (weapon) {drain, *Contam +Fly rPois Str+3 Int+4}
   (You found it in a labyrinth)

   A truly terrible weapon, it drains the life of those it strikes.
   It affects your strength (+3).
   It affects your intelligence (+4).
   It protects you from poison.
   It lets you fly.
   It causes magical contamination when unequipped.
 M - a +2 vampiric war axe
 T - a +0 battleaxe
Missiles
 e - 9 tomahawks (quivered)
 q - 11 sling bullets
Armour
 c - a +0 shield
 k - a +1 helmet (worn)
 H - a +2 leather armour of cold resistance
 L - a +1 cloak
 P - a +3 leather armour of magic resistance
 Q - the +1 scale mail "Yrghurph" {rN+ Stlth+}
   (You found it in a labyrinth)

   It protects you from negative energy.
   It makes you more stealthy.
 S - a scarf of repulsion (worn)
 U - +0 gold dragon scales (worn)
 V - the +3 scale mail of Hosifap {*Slow rCorr Str+4}
   (You found it in a labyrinth)

   It affects your strength (+4).
   It protects you from acid and corrosion.
   It may slow you when you take damage.
 W - a +1 pair of boots of flying (worn)
Jewellery
 n - a ring of protection from magic (left hand)
 o - an amulet of rage (around neck)
 r - the ring of Baoronod {+Fly Dex+4 SInv}
   (You found it in a labyrinth)

   [ring of see invisible]

   It affects your dexterity (+4).
   It lets you see invisible.
   It lets you fly.
 E - a +4 ring of protection (right hand)
 F - a +2 ring of evasion
Wands
 K - a wand of flame (18/48)
 O - a wand of polymorph (9/24)
Scrolls
 a - 2 scrolls of amnesia {unknown}
 j - a scroll of magic mapping
 p - 6 scrolls of recharging
 v - 3 scrolls of remove curse
 w - 2 scrolls of teleportation
 y - 6 scrolls of fog
 A - a scroll of enchant weapon {unknown}
 D - a scroll of silence {unknown}
 G - a scroll of noise {unknown}
 R - a scroll of vulnerability {unknown}
Potions
 g - a potion of mutation
 l - 2 potions of cancellation
 s - 4 potions of haste
 B - a potion of invisibility
 I - 2 potions of flight
Miscellaneous
 X - a lamp of fire
Comestibles
 b - 5 chunks of flesh
 f - 8 bread rations
 h - 7 meat rations


   Skills:
 + Level 11.3 Fighting
 - Level 16.0 Axes
 - Level 6.0 Armour
 * Level 5.6 Dodging
 - Level 6.0 Shields
 - Level 8.0 Invocations


You had 11 spell levels left.
You didn't know any spells.

Dungeon Overview and Level Annotations

Branches:
Dungeon (12/15)            Temple (1/1) D:4            Lair (0/6) D:10
    Orc (1/2) D:12

Altars:
Ashenzari
Cheibriados
Dithmenos
Elyvilon
Fedhas
Gozag
Hepliaklqana
Kikubaaqudgha
Makhleb
Nemelex Xobeh
Okawaru
Qazlal
Ru
Sif Muna
Trog
Uskayaw
Vehumet
Wu Jian
Xom
Yredelemnul
Zin
The Shining One

Shops:
D:5 !


Innate Abilities, Weirdness & Mutations

You are agile. (Dex +2)


Message History

The orc warriors go into a battle-frenzy!
The orc warrior closely misses you. x2; The orc warrior barely misses you.
You can now pass through a line of other dancers.
Unknown command.
Unknown command.
Unknown command.
Unknown command.
Okay, then.
You slice the orc warlord!!
The orc warlord is severely wounded.
You barely miss the orc warrior. You slash the orc warrior!
You kill the orc warrior!
You completely miss the orc warrior.
The orc warlord hits you with a great sword!
* * * LOW HITPOINT WARNING * * *
You slice the orc warlord!! You drain the orc warlord!
The orc warlord is almost dead.
You slash the orc warrior! You completely miss the orc warrior.
The orc warrior hits you with a glaive!
You die...

..##...#.##.###..#####[)[.# #..#
..##.##....#.#.....#).#...# #..#
.....###.###..##.##.#)..### #..#
.....#.......##..#..)##.## #..#
.....##..###...#.#.#..#..####..#
...######.##.##..[.#..#....##..#
...# #.###.#.#...#..##.#####..#
...# #..##....)o##.#.#.#.###..#
...# ##..#..#.#@.#..#.##.##...#
...# #......###oo..##.#.###...#
...# #.#......#.#..#.#...###..##
...# #...#..###......#.#........
...# #.#.##.#.##.#...##...#...##
...# #..###....###......####).#
...# ##..#.##### ###.#### #..#
#..# ##.################ #..#
#..# #...>.............# #..#


You could see an orc warlord and 2 orc warriors.

Vanquished Creatures
  An orc warlord (Orc:1)
  A minotaur (Lab)
  3 two-headed ogres
  2 unseen horrors
  A manticore (D:12)
  An orc sorcerer (Orc:1)
  A centaur zombie (D:12)
  Joseph (D:8)
  Psyche (D:8)
  The ghost of tilp the Chopper, an amateur HOFi (D:4)
  A troll (Orc:1)
  A shadow (D:11)
  Sigmund (D:2)
  7 yaks
  A hungry ghost (D:8)
  2 wargs (Orc:1)
  A water moccasin (D:11)
  Duvessa (D:5)
  8 orc warriors
  An ice beast (D:7)
  2 sky beasts
  2 black bears
  8 ogres
  2 phantoms
  3 centaurs
  A crocodile (D:8)
  Blork the orc (D:5)
  9 bullfrogs
  A gnoll sergeant (D:8)
  Dowan (D:5)
  A wyvern zombie (D:11)
  A water moccasin zombie (D:8)
  5 scorpions
  5 killer bees (D:12)
  3 wights (D:8)
  6 crimson imps
  A bullfrog zombie (D:5)
  3 jellies
  A quasit (D:6)
  8 hounds
  Crazy Yiuf (D:2)
  A bullfrog skeleton (D:4)
  2 centaur skeletons
  5 orc priests
  An iguana (D:4)
  8 orc wizards
  11 worker ants
  A hound zombie (D:8)
  Robin (D:3)
  10 gnolls
  18 adders
  5 river rats (Sewer)
  4 shadow imps
  4 oozes
  An adder skeleton (D:6)
  2 adder zombies
  2 dart slugs
  2 leopard geckos
  45 orcs
  6 giant cockroaches
  14 goblins
  13 hobgoblins
  13 jackals
  8 kobolds
  3 quokkas
  9 ball pythons (Sewer)
  7 bats
  8 frilled lizards
  A jackal zombie (D:5)
  2 leopard gecko skeletons (D:4)
  A leopard gecko zombie (D:6)
  A quokka skeleton (D:5)
  27 rats
338 creatures vanquished.

Notes
Turn   | Place    | Note
-------+----------+-------------------------------------------
     0 | D:1      | tilp the Hill Orc Fighter began the quest for the Orb.
     0 | D:1      | Reached XP level 1. HP: 19/19 MP: 1/1
    26 | D:1      | Reached skill level 3 in Axes
    73 | D:1      | Reached XP level 2. HP: 25/27 MP: 2/2
   366 | D:1      | Found a shattered altar of Ashenzari.
   533 | D:1      | Reached XP level 3. HP: 34/34 MP: 3/3
   838 | D:1      | Reached skill level 4 in Axes
  1068 | D:2      | Reached XP level 4. HP: 41/41 MP: 4/4
  1082 | D:2      | Reached skill level 5 in Fighting
  1178 | D:2      | Found a runed door.
  1303 | D:2      | Noticed Sigmund
  1480 | D:3      | Found a glowing drain.
  1504 | Sewer    | Entered a sewer
  1531 | Sewer    | Reached skill level 5 in Axes
  1534 | Sewer    | Reached XP level 5. HP: 48/48 MP: 5/5
  1976 | Sewer    | Reached skill level 6 in Axes
  1976 | Sewer    | Reached XP level 6. HP: 24/57 MP: 6/6
  2338 | D:3      | Noticed Robin
  2365 | D:3      | Killed Robin
  2471 | D:3      | Found a radiant altar of Vehumet.
  2546 | D:3      | Found a hazy altar of Hepliaklqana.
  2849 | D:4      | Noticed tilp's ghost (amateur HOFi)
  3019 | D:4      | Gained mutation: Your flesh is heat resistant. (rF+) [potion of mutation]
  3019 | D:4      | Lost mutation: Your flesh is heat resistant. (rF+) [potion of mutation]
  3019 | D:4      | Gained mutation: You are agile. (Dex +2) [potion of mutation]
  3035 | D:3      | Reached skill level 7 in Axes
  3035 | D:3      | Reached XP level 7. HP: 27/66 MP: 7/7
  3377 | D:4      | Killed tilp's ghost
  3377 | D:4      | Reached skill level 8 in Axes
  3568 | D:4      | Found a staircase to the Ecumenical Temple.
  3572 | Temple   | Entered the Ecumenical Temple
  3953 | D:4      | Reached XP level 8. HP: 69/74 MP: 8/8
  4062 | D:4      | Found an ancient bone altar of Kikubaaqudgha.
  4218 | D:4      | Reached skill level 9 in Axes
  4360 | D:5      | Entered Level 5 of the Dungeon
  4623 | D:5      | Noticed a dagger
  4632 | D:5      | Noticed a dagger
  4641 | D:5      | Noticed Dowan
  4642 | D:5      | Noticed Duvessa
  4857 | D:5      | Noticed Blork the orc
  4890 | D:5      | Killed Blork the orc
  4890 | D:5      | Reached skill level 10 in Axes
  5077 | D:5      | Noticed a yak
  5077 | D:5      | Noticed a yak
  5077 | D:5      | Noticed a yak
  5078 | D:5      | Noticed a yak
  5116 | D:5      | Killed a yak
  5121 | D:5      | Killed a yak
  5121 | D:5      | Reached skill level 11 in Axes
  5121 | D:5      | Reached XP level 9. HP: 73/84 MP: 9/9
  5554 | D:5      | You fall through a shaft for 3 floors!
  5576 | D:8      | Reached skill level 10 in Fighting
  5938 | D:6      | Found a deep blue altar of Sif Muna.
  5954 | D:6      | Reached skill level 12 in Axes
  6094 | D:5      | Found a hide-covered altar of Uskayaw.
  6103 | D:5      | Became a worshipper of Uskayaw the Reveler
  6221 | D:5      | Found Loackoeth's Distillery.
  6224 | D:5      | Bought a potion of curing for 42 gold pieces
  6224 | D:5      | Bought a potion of curing for 42 gold pieces
  6295 | D:5      | Reached * piety under Uskayaw
  6298 | D:5      | Reached ** piety under Uskayaw
  6300 | D:5      | Killed Duvessa
  6301 | D:5      | Killed Dowan
  6301 | D:5      | Reached *** piety under Uskayaw
  6736 | D:6      | Found an ornate altar of the Wu Jian Council.
  7570 | D:7      | Reached skill level 13 in Axes
  8092 | D:8      | Reached skill level 5 in Armour
  8094 | D:8      | Reached **** piety under Uskayaw
  8099 | D:8      | Noticed a two-headed ogre
  8189 | D:8      | Noticed Psyche
  8193 | D:8      | Killed Psyche
  8193 | D:8      | Reached XP level 10. HP: 92/93 MP: 10/10
  8347 | D:2      | Noticed Crazy Yiuf
  8353 | D:2      | Killed Crazy Yiuf
  8615 | D:2      | Killed Sigmund
  8615 | D:2      | Reached skill level 14 in Axes
  8870 | D:8      | Found a shadowy altar of Dithmenos.
  8933 | D:8      | Killed a two-headed ogre
  8933 | D:8      | Reached skill level 15 in Axes
  8943 | D:8      | Reached ***** piety under Uskayaw
  9372 | D:8      | Noticed Joseph
  9394 | D:8      | Killed Joseph
  9484 | D:8      | Found a sparkling altar of Nemelex Xobeh.
 10039 | D:9      | Reached skill level 16 in Axes
 10209 | D:9      | Reached skill level 1 in Invocations
 10371 | D:9      | Found an opulent altar of Gozag.
 10576 | D:10     | Entered Level 10 of the Dungeon
 10619 | D:10     | Noticed a green ugly thing
 10654 | D:10     | Reached skill level 1 in Dodging
 11133 | D:10     | HP: 2/93 [something (5)]
 11137 | D:10     | Killed an unseen horror
 11137 | D:10     | Reached XP level 11. HP: 11/100 MP: 11/13
 11494 | D:10     | Found a staircase to the Lair.
 11669 | D:11     | Found a labyrinth entrance.
 11675 | Lab      | Entered a labyrinth
 11939 | Lab      | Noticed a minotaur
 11949 | Lab      | Killed a minotaur
 11954 | Lab      | Got a scintillating iron ring
 11955 | Lab      | Got a crude war axe
 11955 | Lab      | Got a dazzling scale mail
 11955 | Lab      | Got an ichor-stained scale mail
 11966 | Lab      | Identified the cursed +1 scale mail "Yrghurph" {rN+ Stlth+} (You found it in a labyrinth)
 11982 | Lab      | Identified the +5 war axe "Zeujyesm" {drain, *Contam +Fly rPois Str+3 Int+4} (You found it in a labyrinth)
 12035 | Lab      | Identified the +3 scale mail of Hosifap {*Slow rCorr Str+4} (You found it in a labyrinth)
 12046 | Lab      | Identified the ring of Baoronod {+Fly Dex+4 SInv} (You found it in a labyrinth)
 12188 | D:11     | Noticed a two-headed ogre
 12192 | D:11     | Killed a two-headed ogre
 12192 | D:11     | Reached skill level 5 in Invocations
 12501 | D:11     | Killed an unseen horror
 12771 | D:12     | Reached skill level 5 in Shields
 12811 | D:12     | Reached ****** piety under Uskayaw
 12826 | D:12     | Found a staircase to the Orcish Mines.
 12940 | D:12     | Noticed a manticore
 12953 | D:12     | Killed a manticore
 13178 | D:12     | Noticed a two-headed ogre
 13184 | D:12     | Killed a two-headed ogre
 13622 | Orc:1    | Entered Level 1 of the Orcish Mines
 13635 | Orc:1    | Noticed an orc warlord
 13648 | Orc:1    | Noticed an orc sorcerer
 13653 | Orc:1    | HP: 5/102 [orc warlord/great sword of slicing (2)]
 13654 | Orc:1    | Killed an orc sorcerer
 13654 | Orc:1    | Reached XP level 12. HP: 5/110 MP: 13/17
 13654 | Orc:1    | Reached skill level 5 in Dodging
 13654 | Orc:1    | Killed an orc warlord
 14035 | Orc:1    | Noticed an orc warlord
 14259 | D:12     | Slain by an orc warrior

Vault maps used:
D:1:      giann_forest_graveyard, minmay_misc_feat_five,
          minmay_misc_feat_pillars, evilmike_ruin_ashenzari
D:2:      kennysheep_small_spiral, uniq_crazy_yiuf_cottage, uniq_sigmund
D:3:      nicolae_overflow_crystal_walls, vehumet_crystals,
          portal_sewer_entry_d, uniq_robin
D:4:      kennysheep_spiral_hall, kennysheep_mini,
          minmay_temple_entry_steel_oval, first_bread
D:5:      dancing_weapons_uskayaw, serial_shops, kennysheep_mini_moat,
          uniq_blork_the_orc, uniq_duvessa
D:6:      lemuel_crystal_altar, basic_altar, minmay_misc_feat_rows
D:8:      nicolae_dithmenos_through_a_glass_darkly, lemuel_round_altar,
          uniq_joseph, uniq_psyche
D:9:      basic_altar
D:10:     lair_entry_dummy
D:11:     lab_entry_generic
D:12:     erik_orc_3
Temple:   regret_index_temple_generic_petals
Orc:1:    serial_shops, nicolae_shop_overgrown_old_shop
Lab:      labyrinth_hidden_loot, nicolae_lab_garden, nicolae_lab_very_dead_end
Sewer:    sewer_minmay_w

Skill      XL: |  1  2  3  4  5  6  7  8  9 10 11 12 |
---------------+-------------------------------------+-----
Axes           | 3 4 5 6 7 8 11 13 16 | 16.0
Fighting       | 4 5 6 7 8 9 10 11 | 11.3
Armour         | 5 6 |  6.0
Invocations    | 3 7 8 |  8.0
Dodging        | 1 4 5 |  5.6
Shields        | 5 6 |  6.0

Action                   |  1- 3 |  4- 6 |  7- 9 | 10-12 || total
-------------------------+-------+-------+-------+-------++-------
Melee: War axe           |   122 |   195 |   379 |   371 ||  1067
       Unarmed           |       |       |       |     6 ||     6
Throw: Tomahawk          |       |     6 |     5 |    12 ||    23
Invok: Line Pass         |       |       |       |     1 ||     1
       Stomp             |       |       |       |     2 ||     2
Evoke: Wand              |       |       |       |     2 ||     2
  Use: Scroll            |       |     7 |     4 |    14 ||    25
       Potion            |       |     8 |     2 |    12 ||    22
 Stab: Paralysed         |       |       |     3 |    23 ||    26
       Distracted        |       |       |       |     1 ||     1
  Eat: Chunk             |     1 |     7 |    13 |    17 ||    38
       Fruit             |       |       |     1 |     2 ||     3
       Royal jelly       |       |       |     1 |     4 ||     5
Armor: Scale mail        |    72 |   145 |   102 |     5 ||   324
       Chain mail        |       |       |       |   107 ||   107
       Skin              |       |       |       |    12 ||    12
       Gold dragon scale |       |       |       |    65 ||    65
Dodge: Dodged            |    46 |    98 |    50 |    77 ||   271
       Deflected         |       |       |       |     4 ||     4
Block: Shield            |    86 |   120 |   144 |    87 ||   437

Table legend:
 A = Spawn XP
 B = Non-spawn XP
 C = Spawn XP percentage of total XP
 D = Spawn monster count
 E = Non-spawn monster count
 F = Spawn count percentage of total count
 G = Total turns spent on level
                    A         B        C        D         E        F      G
               +---------+---------+-------+---------+---------+-------+---------
         Total |       0 |   20699 |   0.0 |       0 |     338 |   0.0 | 14259
               +---------+---------+-------+---------+---------+-------+---------
           D:1 |       0 |      46 |   0.0 |       0 |      24 |   0.0 |   859
           D:2 |       0 |     330 |   0.0 |       0 |      28 |   0.0 |   849
           D:3 |       0 |     244 |   0.0 |       0 |      33 |   0.0 |  1087
           D:4 |       0 |     817 |   0.0 |       0 |      22 |   0.0 |  1138
           D:5 |       0 |    1536 |   0.0 |       0 |      21 |   0.0 |  1288
           D:6 |       0 |     395 |   0.0 |       0 |      11 |   0.0 |   858
           D:7 |       0 |     631 |   0.0 |       0 |      15 |   0.0 |  1150
           D:8 |       0 |    3173 |   0.0 |       0 |      32 |   0.0 |  1328
           D:9 |       0 |    1057 |   0.0 |       0 |      17 |   0.0 |  1034
          D:10 |       0 |    1009 |   0.0 |       0 |       4 |   0.0 |  1013
          D:11 |       0 |    3531 |   0.0 |       0 |      35 |   0.0 |   685
          D:12 |       0 |    3271 |   0.0 |       0 |      34 |   0.0 |  1518
         Orc:1 |       0 |    3263 |   0.0 |       0 |      13 |   0.0 |    53
           Lab |       0 |    1045 |   0.0 |       0 |       1 |   0.0 |   394
         Sewer |       0 |     351 |   0.0 |       0 |      48 |   0.0 |   765
               +---------+---------+-------+---------+---------+-------+---------
